 Dungeon Crawl Stone Soup version bcrawl-1.20.1-3-gdcb1fc31ed (webtiles) character file.

Game seed: 13567506907490720623

22759 KristoblXynda the Carver (level 12, -3/85 HPs)
             Began as a Red Draconian Skald on Jan 28, 2020.
             Was an Initiate of Gozag.
             Slain by a bullfrog (13 damage)
             ... on level 2 of the Lair of Beasts.
             The game lasted 00:37:06 (19550 turns).

KristoblXynda the Carver (Red Draconian Skald)     Turns: 19550, Time: 00:37:07

Health: -3/85      AC: 20    Str: 16    XL:     12   Next: 65%
Magic:  20/20      EV: 16    Int: 17    God:    Gozag
Gold:   3220       SH:  7    Dex: 10    Spells: 13/22 levels left

rFire    + . .     SeeInvis .   y - +1 scimitar (slice)
rCold    . . .     Gourm    +   x - +0 buckler
rNeg     . . .     Faith    .   (armour unavailable)
rPois    .         Spirit   .   (helmet restricted)
rElec    .         Reflect  .   f - +0 cloak
rCorr    .         Harm     .   l - +2 pair of gloves
MR       +....                  n - +1 pair of boots
Stlth    +.........             s - amulet of the gourmand
HPRegen  0.24/turn              A - ring of flight
MPRegen  0.17/turn              w - ring "Pedehioll" {MR+ AC+6}

@: short of breath, gold aura
A: breathe fire, unfitting armour, fire resistance 1, cold-blooded, AC +8
a: Breathe Fire, Potion Petition, Call Merchant, Bribe Branch, Renounce
Religion, Evoke Flight


You were on level 2 of the Lair of Beasts.
You worshipped Gozag.
Gozag was most pleased with you.
You were very hungry.

You visited 3 branches of the dungeon, and saw 15 of its levels.

You collected 3428 gold pieces.
You spent 112 gold pieces at shops.
You paid 96 gold pieces to Gozag.

Inventory:

Hand Weapons
 v - the +4 spear "Losavimi" {pierce, rF+ rC+ MR+}
   (You found it on level 8 of the Dungeon)

   It inflicts extra damage upon your enemies.
   It protects you from fire.
   It protects you from cold.
   It affects your resistance to hostile enchantments.
 y - a +1 scimitar of slicing (weapon)
Missiles
 p - 71 exploding tomahawks (quivered)
Armour
 f - a +0 cloak (worn)
 l - a +2 pair of gloves (worn)
 n - a +1 pair of boots (worn)
 x - a +0 buckler (worn)
Jewellery
 s - an amulet of the gourmand (around neck)
 w - the ring "Pedehioll" (right hand) {MR+ AC+6}
   (You acquired it on level 10 of the Dungeon)

   [ring of protection]

   It affects your AC (+6).
   It affects your resistance to hostile enchantments.
 A - a ring of flight (left hand)
 I - an uncursed ring of ice
Wands
 a - a wand of iceblast (17)
 r - a wand of digging (5)
 B - a wand of polymorph (10)
Scrolls
 c - a scroll of fear
 g - 7 scrolls of remove curse
 i - 3 scrolls of magic mapping
 j - 2 scrolls of immolation
 k - 4 scrolls of enchant armour
 t - 3 scrolls of teleportation
 u - a scroll of fog
 D - 5 scrolls of identify
 E - a scroll of blinking
 G - a scroll of silence
 H - a scroll of noise {unknown}
 J - a scroll of enchant weapon {unknown}
Potions
 b - 6 potions of curing
 d - a potion of flight
 h - 3 potions of ambrosia
 m - a potion of invisibility
 o - 2 potions of lignification
 q - 3 potions of resistance
 z - 2 potions of haste
 C - 2 potions of cancellation
Miscellaneous
 F - a lamp of fire
Comestibles
 e - 16 rations {!d}


   Skills:
 + Level 2.3 Fighting
 + Level 11.8 Long Blades
 - Level 4.0 Throwing
 - Level 10.0 Dodging
 + Level 4.2 Shields
 + Level 5.7 Spellcasting
 - Level 10.0 Charms
 + Level 1.2 Necromancy
 - Level 5.1 Evocations


You had 13 spell levels left.
You knew the following spells:

 Your Spells              Type           Power        Failure   Level  Hunger
a - Infusion              Chrm           #####...     1%          1    None
b - Regeneration          Chrm/Necr      ###.......   3%          3    ##.....
c - Bolt of Draining      Conj/Necr      #.........   96%         5    ######.

Your spell library contained the following spells:

 Spells                   Type           Power        Failure   Level  Hunger
 Song of Slaying          Chrm           #####...     1%          2    #......
 Ozocubu's Armour         Chrm/Ice       ###.....     4%          3    ##.....
 Spectral Weapon          Hex/Chrm       ###.....     4%          3    ##.....
 Animate Skeleton         Necr           N/A          8%          1    None
 Pain                     Necr           #.....       8%          1    None
 Vampiric Draining        Necr           #.........   24%         3    ##.....
 Confuse                  Hex            #.......     36%         3    ##.....
 Dazzling Spray           Conj/Hex       #.....       36%         3    ##.....
 Animate Dead             Necr           N/A          61%         4    ####...
 Ice Form                 Ice/Tmut       #.......     78%         4    ####...
 Petrify                  Tmut/Erth      #.......     78%         4    ####...
 Yara's Violent Unravell  Hex/Tmut       #.........   78%         4    ####...
 Deflect Missiles         Chrm/Air       ###.......   95%         6    #######
 Metabolic Englaciation   Hex/Ice        #.........   98%         5    ######.
 Silence                  Hex/Air        #.........   98%         5    ######.
 Summon Lightning Spire   Summ/Air       #.......     98%         5    ######.
 Bolt of Cold             Conj/Ice       #.........   100%        6    #######
 Conjure Ball Lightning   Conj/Air       #.........   100%        6    #######
 Freezing Cloud           Ice/Air        #.........   100%        6    #######
 Ozocubu's Refrigeration  Ice            #.........   100%        6    #######
 Simulacrum               Ice/Necr       #.........   100%        6    #######
 Mana Rupture             Conj/Hex       #.........   100%        7    #######
 Tornado                  Air            #.........   100%        9    #######


Dungeon Overview and Level Annotations

Branches:
Dungeon (12/12)            Temple (1/1) D:4            Lair (2/6) D:8
    Orc (0/1) D:9          Vaults (0/3) D:12
  Swamp: Lair:2-4    Shoals: Lair:2-4     Snake: Lair:2-4    Spider: Lair:2-4
 Depths: D:12

Altars:
Ashenzari
Cheibriados
Dithmenos
Elyvilon
Fedhas
Gozag
Hepliaklqana
Kikubaaqudgha
Lugonu
Makhleb
Nemelex Xobeh
Okawaru
Qazlal
Ru
Sif Muna
Trog
Uskayaw
Vehumet
Wu Jian
Xom
Yredelemnul
Zin
The Shining One

Shops:
D:8 (%:**   D:12 (

Portals:
Trove: D:11 (give +3 ice dragon scales)


Innate Abilities, Weirdness & Mutations

You can breathe blasts of fire.
Your fiery red scales are hard. (AC +8)
You cannot fit into any form of body armour.
Your flesh is heat resistant. (rF+)
You are cold-blooded and may be slowed by cold attacks.


Message History

The bullfrog closely misses you. You block the bullfrog's attack.
You hit the bullfrog.
The bullfrog is heavily wounded.
The bullfrog closely misses you.
You barely miss the bullfrog.
The bullfrog is heavily wounded.
The bullfrog closely misses you.
You hit the bullfrog.
The bullfrog is severely wounded.
The bullfrog hits you but does no damage.
You barely miss the bullfrog. You tail-slap the bullfrog.
The bullfrog is almost dead.
The bullfrog misses you.
You miss the bullfrog.
The bullfrog is almost dead.
The bullfrog hits you!
* * * LOW HITPOINT WARNING * * *
The bullfrog hits you!
You die...
Your body crumbles into a pile of gold.

##.....##.#.#......
###....####..........
#....P#.####.......##
.....#####....###.##
#...#####....#### #
.....##.......#.#### ##
....#.#.)..##..#.(.#..###
#..#......##..........<.#
...........#....@F......P
#................○.......
P....#########.######.#..
....### #.. .. ......##
###. . #...... ..
#^....#. .# #...#.# .# $
#.....#


You could see a bullfrog.

Vanquished Creatures
  Fannar (Lair:2)
  A vault guard (D:11)
  A death knight (D:12)
  A two-headed ogre (D:8)
  2 cyclopes
  5 ugly things
  2 manticores
  3 cane toads
  2 komodo dragons
  A guardian mummy (D:11)
  A freezing wraith (D:12)
  9 trolls
  A redback zombie (D:11)
  Grinder (D:3)
  A meliai (D:11)
  6 hippogriffs
  The ghost of flt the Cudgeler, an amateur VSAc (D:4)
  A wraith (D:10)
  9 yaks
  A basilisk (D:12)
  2 wyverns
  2 vampires
  3 hungry ghosts
  4 vampire mosquitoes
  A steam dragon (Lair:1)
  2 two-headed ogre zombies (D:9)
  2 water moccasins
  3 porcupines
  3 ice beasts
  2 sky beasts
  A black bear (D:7)
  A hornet zombie (D:12)
  5 orc warriors
  4 phantoms
  A necrophage (D:8)
  2 ogres
  5 centaurs
  6 bullfrogs
  2 big kobolds
  A gnoll sergeant (D:11)
  5 scorpions
  A troll zombie (D:9)
  13 wights
  5 killer bees
  4 howler monkeys
  4 crimson imps
  A centaur zombie (D:8)
  6 hounds
  6 orc priests
  5 jellies
  13 orc wizards
  4 centaur skeletons
  3 bullfrog skeletons
  Crazy Yiuf (D:2)
  5 iguanas
  6 worker ants
  5 hell rats (Lair:1)
  5 ogre zombies (D:9)
  3 hound skeletons
  A worker ant zombie (D:9)
  12 adders
  10 gnolls
  3 river rats (Lair:1)
  3 shadow imps
  7 oozes
  2 worms (D:2)
  4 dart slugs
  7 leopard geckos
  48 orcs
  2 giant cockroaches
  5 goblins
  6 hobgoblins
  6 jackals
  5 quokkas
  5 bats
  4 frilled lizards
  A goblin skeleton (D:9)
  A goblin zombie (D:9)
  3 hobgoblin zombies (D:9)
  2 jackal skeletons
  22 kobolds
  3 orc skeletons (D:9)
  17 orc zombies
  5 rats
381 creatures vanquished.

Vanquished Creatures (others)
  An ogre mage (D:12)
  A two-headed ogre (D:12)
  An orc wizard (D:11)
  5 fungi (Lair:2)
  A plant (Lair:1)
9 creatures vanquished.

Grand Total: 390 creatures vanquished

Notes
Turn   | Place    | Note
-------+----------+-------------------------------------------
     0 | D:1      | KristoblXynda the Draconian Skald began the quest for the
                  | Orb.
     0 | D:1      | Reached XP level 1. HP: 17/17 MP: 3/3
   239 | D:1      | Reached XP level 2. HP: 24/24 MP: 5/5
   954 | D:1      | Reached XP level 3. HP: 29/29 MP: 6/6
  1104 | D:2      | Reached skill level 3 in Long Blades
  1327 | D:2      | Learned a level 3 spell: Regeneration
  1435 | D:2      | Found a runed door.
  1497 | D:2      | Reached XP level 4. HP: 27/36 MP: 1/7
  2257 | D:2      | Noticed Crazy Yiuf
  2297 | D:2      | Killed Crazy Yiuf
  2499 | D:3      | Reached skill level 4 in Long Blades
  2499 | D:3      | Reached XP level 5. HP: 41/41 MP: 8/8
  2582 | D:3      | Found a sacrificial altar of Ru.
  2839 | D:3      | Found a faded altar of an unknown god.
  3166 | D:3      | Noticed Grinder
  3171 | D:3      | Paralysed by something for 2 turns
  3194 | D:3      | Paralysed by Grinder for 4 turns
  3204 | D:3      | Paralysed by Grinder for 2 turns
  3206 | D:3      | Killed Grinder
  3206 | D:3      | Reached skill level 5 in Long Blades
  3206 | D:3      | Reached XP level 6. HP: 12/48 MP: 9/9
  3915 | D:4      | Your scales start taking on a fiery red colour.
  3915 | D:4      | Reached XP level 7. HP: 23/55 MP: 10/10
  3915 | D:4      | Gained mutation: Your flesh is heat resistant. (rF+) [Red
                  | Draconian growth]
  4225 | D:4      | Found a staircase to the Ecumenical Temple.
  4226 | D:4      | Found a runed translucent gate.
  4226 | D:4      | Found a runed translucent gate.
  4234 | Temple   | Entered the Ecumenical Temple
  4336 | Temple   | Became a worshipper of Gozag Ym Sagoz the Greedy
  4409 | D:4      | Noticed flt's ghost (amateur VSAc)
  4410 | D:4      | Found a runed translucent gate.
  4427 | D:4      | Reached skill level 6 in Long Blades
  4428 | D:4      | Noticed a troll
  4449 | D:4      | Killed a troll
  4756 | D:4      | Found a burning altar of Makhleb.
  5065 | D:4      | Reached skill level 5 in Charms
  5065 | D:4      | Reached XP level 8. HP: 37/61 MP: 11/11
  5259 | D:4      | Killed flt's ghost
  5259 | D:4      | Reached skill level 7 in Long Blades
  5322 | D:5      | Entered Level 5 of the Dungeon
  5332 | D:5      | Reached skill level 5 in Dodging
  5368 | D:5      | Found a sacrificial altar of Ru.
  6269 | D:6      | Found an iron altar of Okawaru.
  6309 | D:6      | Reached skill level 1 in Evocations
  6781 | D:6      | Reached skill level 8 in Long Blades
  6937 | D:6      | Found a shattered altar of Ashenzari.
  6938 | D:6      | Found a snail-covered altar of Cheibriados.
  6938 | D:6      | Found an ornate altar of the Wu Jian Council.
  7033 | D:6      | Noticed a hippogriff
  7039 | D:6      | Killed a hippogriff
  7039 | D:6      | Reached XP level 9. HP: 38/67 MP: 12/12
  7242 | D:6      | Noticed a troll
  7248 | D:6      | Killed a troll
  7770 | D:7      | Noticed a troll
  7883 | D:7      | Noticed a troll
  7891 | D:7      | Killed a troll
  8226 | D:7      | Found a hide-covered altar of Uskayaw.
  8393 | D:7      | Reached skill level 9 in Long Blades
  8406 | D:7      | Killed a troll
  9052 | D:8      | Noticed a troll
  9055 | D:8      | Killed a troll
  9055 | D:8      | Reached XP level 10. HP: 60/73 MP: 13/13
  9208 | D:7      | Reached skill level 5 in Evocations
  9831 | D:8      | Noticed a two-headed ogre
  9847 | D:8      | Killed a two-headed ogre
  9847 | D:8      | Reached skill level 1 in Throwing
  9978 | D:8      | Found a blossoming altar of Fedhas.
 10027 | D:8      | Found Fyd Fot's Assorted Antiques.
 10049 | D:8      | Bought a potion of lignification for 84 gold pieces
 10049 | D:8      | Bought a scroll labeled XOAHOMOXZO for 28 gold pieces
 10070 | D:8      | Found Ket Rufifu's Assorted Antiques.
 10098 | D:8      | Noticed a purple ugly thing
 10105 | D:8      | Killed a purple ugly thing
 10239 | D:8      | Found a stormy altar of Qazlal.
 10442 | D:8      | Got a dazzling spear
 10447 | D:8      | Found Puett's Antique Weapon Shop.
 10447 | D:8      | Found Vekhlu Xeiro's Book Boutique.
 10480 | D:8      | Found Jaheggud's Food Shop.
 10641 | D:8      | Found a staircase to the Lair.
 11136 | D:9      | Reached skill level 10 in Long Blades
 11375 | D:9      | Found a glowing silver altar of Zin.
 11896 | D:9      | Reached XP level 11. HP: 26/79 MP: 14/14
 12314 | D:9      | Identified the +4 spear "Losavimi" {pierce, rF+ rC+ MR+}
                  | (You found it on level 8 of the Dungeon)
 12429 | D:9      | Noticed a cyclops
 12437 | D:9      | Killed a cyclops
 12684 | D:9      | Found a staircase to the Orcish Mines.
 13001 | D:10     | Entered Level 10 of the Dungeon
 13429 | D:10     | Noticed a green ugly thing
 13429 | D:10     | Noticed a brown ugly thing
 13438 | D:10     | Killed a green ugly thing
 13442 | D:10     | Killed a brown ugly thing
 14026 | D:10     | Found a basalt altar of Yredelemnul.
 14362 | D:10     | Identified a scroll of acquirement
 14362 | D:10     | Identified the ring "Pedehioll" {MR+ AC+6} (You acquired it
                  | on level 10 of the Dungeon)
 14522 | D:11     | Noticed a purple ugly thing
 14532 | D:11     | Killed a purple ugly thing
 14713 | D:11     | Noticed a purple ugly thing
 14739 | D:11     | Killed a purple ugly thing
 14739 | D:11     | Reached skill level 11 in Long Blades
 14765 | D:11     | Found a portal to a secret trove of treasure.
 15187 | D:11     | Reached skill level 1 in Shields
 16043 | D:11     | Noticed a cyclops
 16049 | D:11     | Killed a cyclops
 16161 | D:12     | Entered Level 12 of the Dungeon
 16166 | D:12     | Reached XP level 12. HP: 85/85 MP: 18/18
 16538 | D:12     | Noticed a death knight
 16565 | D:12     | Killed a death knight
 16568 | D:12     | Found a shimmering altar of Xom.
 16570 | D:12     | Noticed an ogre mage
 16571 | D:12     | Noticed a two-headed ogre
 16573 | D:12     | Noticed a six-headed hydra
 16592 | D:12     | Killed an ogre mage
 16628 | D:12     | Killed a two-headed ogre
 16683 | D:12     | Found Deizepro's Weapon Shop.
 16847 | D:12     | Noticed a vault guard
 16848 | D:12     | Noticed a vault guard
 16848 | D:12     | Noticed a vault guard
 16848 | D:12     | Noticed a vault guard
 16849 | D:12     | Noticed a vault guard
 16851 | D:12     | Noticed a vault guard
 16852 | D:12     | Found a gate to the Vaults.
 16852 | D:12     | Noticed a vault guard
 16852 | D:12     | Noticed a vault guard
 16887 | D:11     | HP: 4/85 [vault guard/+0 war axe (8)]
 17229 | D:11     | Killed a vault guard
 17359 | Lair:1   | Entered Level 1 of the Lair of Beasts
 17420 | Lair:1   | Reached skill level 5 in Spellcasting
 18988 | Lair:2   | Reached skill level 10 in Charms
 19212 | Lair:2   | Learned a level 5 spell: Bolt of Draining
 19233 | Lair:2   | Noticed Fannar
 19238 | Lair:2   | Killed Fannar
 19281 | Lair:2   | Reached skill level 10 in Dodging
 19281 | Lair:2   | Reached skill level 1 in Necromancy
 19550 | Lair:2   | Slain by a bullfrog

Skill      XL: |  1  2  3  4  5  6  7  8  9 10 11 12 |
---------------+-------------------------------------+-----
Charms         | 3 4 5 6 7 8 9 10 | 10.0
Long Blades    | 3 4 5 6 8 9 10 11 | 11.8
Dodging        | 3 4 5 6 8 9 10 | 10.0
Evocations     | 2 4 5 |  5.1
Throwing       | 3 4 |  4.0
Spellcasting   | 4 5 |  5.7
Shields        | 1 4 |  4.2
Necromancy     | 1 |  1.2
Fighting       | |  2.3

Action                   |  1- 3 |  4- 6 |  7- 9 | 10-12 || total
-------------------------+-------+-------+-------+-------++-------
Melee: Falchion          |   128 |    91 |       |       ||   219
       Tailslap          |     9 |    12 |    32 |   134 ||   187
       Long sword        |       |   130 |   195 |       ||   325
       Scimitar          |       |       |   165 |  1009 ||  1174
Throw: Tomahawk          |       |     5 |     8 |     2 ||    15
 Cast: Infusion          |     2 |     2 |       |       ||     4
Invok: Potion Petition   |       |       |       |     1 ||     1
 Abil: Breathe Fire      |       |       |    19 |    41 ||    60
Evoke: Wand              |       |     1 |       |     2 ||     3
  Use: Potion            |       |     6 |       |     3 ||     9
       Scroll            |       |     6 |     5 |    14 ||    25
 Stab: Sleeping          |       |     1 |       |     1 ||     2
       Distracted        |       |       |     1 |     3 ||     4
  Eat: Chunk             |     2 |     4 |     2 |       ||     8
       Ration            |       |     1 |     5 |    13 ||    19
Armor: Skin              |    35 |    64 |   130 |   342 ||   571
Dodge: Dodged            |    80 |   135 |   242 |   673 ||  1130
Block: Other             |       |     1 |    13 |    48 ||    62
       Buckler           |       |       |       |    97 ||    97
